 Dungeon Sprint DCSS version 0.26-a0-597-gb535b0901c (webtiles) character file.

Game seed: 9230515964973702855

278 Jannitor the Cleaver (level 10, -7/101 HPs)
             Began as a Hill Orc Fighter on Aug 25, 2020.
             Was an Elder of Fedhas.
             Killed by an exploding ballistomycete spore (10 damage)
             ... created by a ballistomycete
             ... summoned by the player character
             ... set off by their pet
             ... in the Dungeon (Sprint VI: "Thunderdome").
             The game lasted 00:10:02 (666 turns).

Jannitor the Cleaver (Hill Orc Fighter)              Turns: 666, Time: 00:10:03

Health: -7/101     AC:  7    Str: 23    XL:     10   Next: 9%
Magic:  2/16       EV: 24    Int: 15    God:    Fedhas [****..]
Gold:   4          SH:  0    Dex: 10    Spells: 9/9 levels left

rFire    + . .     SeeInvis .   o - +0 broad axe
rCold    + . .     Faith    .   c - +0 kite shield
rNeg     + . .     Spirit   .   b - +0 scale mail
rPois    +         Reflect  .   (no helmet)
rElec    +         Harm     .   (no cloak)
rCorr    +         NoTele   +   p - +0 pair of gloves
MR       .....                  (no boots)
Stlth    ..........             d - amulet of the Three Princes {Acrobat Int+4 Stlth+}
HPRegen  0.26/turn              i - ring of Filys {rN+ Int+3}
MPRegen  0.15/turn              (no ring)

@: confused, resistant, acrobat, hasted, very quick
A: deformed body
a: Wall of Briars, Grow Ballistomycete, Overgrow, Renounce Religion


You were in the Dungeon.
You worshipped Fedhas.
Fedhas was greatly pleased with you.
You visited 1 branch You collected 600 gold pieces.
You spent 596 gold pieces at shops.

Inventory:

Hand Weapons
 a - a +0 war axe
 o - a +0 broad axe (weapon)
Armour
 b - a +0 scale mail (worn)
 c - a +0 kite shield (worn)
 p - a +0 pair of gloves (worn)
Jewellery
 d - the amulet of the Three Princes (around neck) {Acrobat Int+4 Stlth+}
   (You bought it in a shop in the Dungeon)

   [amulet of the acrobat]

   It helps you evade while moving and waiting.
   It affects your intelligence (+4).
   It makes you more stealthy.
 i - the ring of Filys (left hand) {rN+ Int+3}
   (You bought it in a shop in the Dungeon)

   [ring of positive energy]

   It affects your intelligence (+3).
   It protects you from negative energy.
Wands
 m - a wand of iceblast (3)
Scrolls
 j - 4 scrolls of blinking
 n - 3 scrolls of fog
Potions
 g - 2 potions of haste
 h - 2 potions of magic


   Skills:
 + Level 13.3 Fighting
 + Level 14.1 Axes
 + Level 12.3 Armour
 + Level 12.3 Shields
 + Level 8.2 Invocations


You had 9 spell levels left.
You didn't know any spells.
Your spell library was empty.

Dungeon Overview and Level Annotations

Branches:
Dungeon (1/1)

Altars:
Cheibriados
Dithmenos
Fedhas
Gozag
Kikubaaqudgha
Makhleb
Okawaru
Qazlal
Ru
Sif Muna
Trog
Uskayaw
Vehumet
Wu Jian
Xom
Yredelemnul
Zin
The Shining One
Beogh
Jiyva
Lugonu

Shops:
D *[??*?*:[((!!!!

Annotations:
D Lernaean hydra


Innate Abilities, Weirdness & Mutations

Armour fits poorly on your strangely shaped body.


Message History

Press: ? - help, Shift-Dir - straight line, f/p - 27-headed Lernaean hydra
Aim: the 27-headed Lernaean hydra (moderately wounded, covered in acid)
The bolt of acid misses the 27-headed Lernaean hydra.
The now-empty wand crumbles to dust.
Unknown command.
Evoke which item? (* to show all) (? for menu, Esc to quit)
Aiming: Iceblast
Press: ? - help, Shift-Dir - straight line, f/p - 27-headed Lernaean hydra
Aim: the 27-headed Lernaean hydra (moderately wounded, covered in acid)
The mass of ice explodes!
The iceblast engulfs the 27-headed Lernaean hydra!
The 27-headed Lernaean hydra is moderately wounded.
Fedhas protects your plant from harm.
A ballistomycete spore comes into view.
Unknown command.
Your ballistomycete spore explodes!
The explosion of spores engulfs you!
You are confused.
You die...
Fedhas appreciates your contribution to the ecosystem.

##### ##@⌠⌠##
#.....#
##.D...##
##∩...P.∩##
#∩...†...∩#
#_......._#
#_......._#
#_.....†._#
###.........###


You could see the 27-headed Lernaean hydra (corroded) and a friendly
ballistomycete (summoned).

Vanquished Creatures
  A very ugly thing (D)
  An ugly thing (D)
  A shining eye (D)
  2 cane toads (D)
  Prince Ribbit (D)
  A tyrant leech (D)
  Sigmund (D)
  3 floating eyes (D)
  2 phantoms (D)
  A necrophage (D)
  2 bullfrogs (D)
  A jelly (D)
  Jessica (D)
  Terence (D)
  An adder (D)
  An ooze (D)
  An adder zombie (D)
  A bat skeleton (D)
  A ball python skeleton (D)
  A leopard gecko zombie (D)
25 creatures vanquished.

Vanquished Creatures (collateral kills)
  A bullfrog (D)
  8 ballistomycete spores (D)
9 creatures vanquished.

Vanquished Creatures (others)
  A ballistomycete spore (D)
1 creature vanquished.

Grand Total: 35 creatures vanquished

Notes
Turn   | Place    | Note
-------+----------+-------------------------------------------
     0 | D        | Jannitor the Hill Orc Fighter began the quest for the Orb.
     0 | D        | Reached XP level 1. HP: 19/19 MP: 1/1
     0 | D        | Found a snail-covered altar of Cheibriados.
     0 | D        | Found a corrupted altar of Lugonu.
     4 | D        | Found a shadowy altar of Dithmenos.
     4 | D        | Found an opulent altar of Gozag.
     5 | D        | Found a stormy altar of Qazlal.
     5 | D        | Found a blossoming altar of Fedhas.
     5 | D        | Round 1.
     6 | D        | Found a hide-covered altar of Uskayaw.
     6 | D        | Found a burning altar of Makhleb.
     6 | D        | Found Miphinu's Magic Scroll Shop.
     6 | D        | Found Haaf's Staff Store.
     7 | D        | Found Nesesoen's Magic Scroll Shop.
     7 | D        | Found Rohekam's Must-Have Magic.
    13 | D        | Became a worshipper of Fedhas Madash
    23 | D        | Reached skill level 3 in Axes
    30 | D        | Noticed a phantom
    41 | D        | Found a sacrificial altar of Ru.
    41 | D        | Found a viscous altar of Jiyva.
    42 | D        | Found a bloodstained altar of Trog.
    42 | D        | Found an ancient bone altar of Kikubaaqudgha.
    43 | D        | Found a basalt altar of Yredelemnul.
    43 | D        | Found an ornate altar of the Wu Jian Council.
    44 | D        | Found a glowing silver altar of Zin.
    44 | D        | Found Jeaphei's Premium Goods.
    44 | D        | Found Fuonk's Weapon Rack.
    45 | D        | Found Qemmust's Miscellaneous Merchandise.
    45 | D        | Found Himnoi's Basic Armour.
    52 | D        | Bought a +0 broad axe for 120 gold pieces
    54 | D        | Bought a +0 pair of gloves for 54 gold pieces
    67 | D        | Noticed a phantom
    69 | D        | Found a radiant altar of Vehumet.
    89 | D        | Killed a phantom
    89 | D        | Reached skill level 6 in Axes
    89 | D        | Reached skill level 5 in Armour
    89 | D        | Reached skill level 5 in Shields
    89 | D        | Reached XP level 2. HP: 19/30 MP: 2/2
    89 | D        | Reached XP level 3. HP: 23/37 MP: 3/3
    89 | D        | Reached XP level 4. HP: 28/44 MP: 4/4
    91 | D        | Found a shimmering blue altar of Sif Muna.
    91 | D        | Found an iron altar of Okawaru.
    92 | D        | Found Ympikaso's Do-It-Yourself Clinic.
    92 | D        | Found a roughly hewn altar of Beogh.
    92 | D        | Found Qoicial's Distillery.
    93 | D        | Found Seovull's Bottled Wisdom.
    93 | D        | Found Xiagaocy's Distillery.
    94 | D        | Reached * piety under Fedhas
   101 | D        | Killed a phantom
   101 | D        | Reached skill level 7 in Axes
   101 | D        | Reached XP level 5. HP: 29/52 MP: 5/5
   111 | D        | Noticed a necrophage
   119 | D        | Killed a necrophage
   119 | D        | Arena points: 12 (+12) [x2]
   119 | D        | Reached skill level 8 in Axes
   119 | D        | Reached XP level 6. HP: 38/61 MP: 6/6
   130 | D        | Found a glowing golden altar of the Shining One.
   130 | D        | Found a shimmering altar of Xom.
   171 | D        | Round 2.
   175 | D        | Found Kuijix's Identification Station.
   176 | D        | Found Pamioq's Advanced Armour.
   176 | D        | Found Astrire's Jewellery.
   177 | D        | Noticed Jessica
   183 | D        | Killed Jessica
   183 | D        | Reached ** piety under Fedhas
   215 | D        | Noticed Terence
   216 | D        | Noticed Sigmund
   230 | D        | Killed Sigmund
   230 | D        | Reached *** piety under Fedhas
   230 | D        | Reached skill level 9 in Axes
   230 | D        | Reached XP level 7. HP: 70/70 MP: 7/7
   230 | D        | Killed Terence
   230 | D        | Arena points: 54 (+42) [x3]
   230 | D        | Reached skill level 10 in Axes
   267 | D        | Bought a sparkling graven amulet for 45 gold pieces
   272 | D        | Identified the amulet of the Three Princes {Acrobat Int+4
                  | Stlth+} (You bought it in a shop in the Dungeon)
   272 | D        | Bought a wavering iron ring for 45 gold pieces
   272 | D        | Identified the ring of Filys {rN+ Int+3} (You bought it in
                  | a shop in the Dungeon)
   283 | D        | Round 3.
   313 | D        | Noticed a shining eye
   321 | D        | Gained mutation: Armour fits poorly on your strangely
                  | shaped body. [a shining eye]
   326 | D        | Killed a shining eye
   326 | D        | Reached skill level 10 in Fighting
   326 | D        | Reached skill level 11 in Axes
   326 | D        | Reached skill level 10 in Armour
   326 | D        | Reached skill level 10 in Shields
   326 | D        | Reached XP level 8. HP: 81/81 MP: 5/8
   348 | D        | Reached **** piety under Fedhas
   390 | D        | Arena points: 138 (+84) [x4]
   420 | D        | Round 4.
   437 | D        | Noticed a cane toad
   446 | D        | Killed a cane toad
   446 | D        | Reached skill level 12 in Axes
   452 | D        | Reached ***** piety under Fedhas
   468 | D        | Noticed Prince Ribbit
   474 | D        | Noticed a cane toad
   495 | D        | Killed a cane toad
   495 | D        | Reached XP level 9. HP: 60/90 MP: 10/12
   505 | D        | Killed Prince Ribbit
   505 | D        | Reached skill level 5 in Invocations
   554 | D        | Arena points: 278 (+140) [x5]
   554 | D        | Reached skill level 13 in Axes
   566 | D        | Bought a pair of ichor-stained boots for 332 gold pieces
   571 | D        | Identified the -7 pair of boots of the Pleiades {Harm rPois
                  | rF- Slay+4} (You bought it in a shop in the Dungeon)
   619 | D        | Round 5.
   633 | D        | Noticed a white very ugly thing
   641 | D        | Noticed a tyrant leech
   644 | D        | HP: 1/90 [white very ugly thing (33)]
   645 | D        | Noticed a green ugly thing
   653 | D        | Noticed the 27-headed Lernaean hydra
   656 | D        | HP: 1/90 [something[the player character] (21)]
   660 | D        | Killed a green ugly thing
   661 | D        | Killed a green very ugly thing
   661 | D        | Reached skill level 14 in Axes
   661 | D        | Reached XP level 10. HP: 2/101 MP: 2/16
   666 | D        | Killed by an exploding ballistomycete spore... set off by
                  | their pet

Illustrated notes

Levels and vault maps discovered:
D:        arena_sprint

Skill      XL: |  1  2  3  4  5  6  7  8  9 |
---------------+----------------------------+-----
Fighting       | 6 7 8 9 10 12 13 | 13.3
Axes           | 6 7 8 9 11 12 14 | 14.1
Armour         | 5 6 7 8 10 11 12 | 12.3
Shields        | 5 6 7 8 10 11 12 | 12.3
Invocations    | 4 8 |  8.2

Action                   |  1- 3 |  4- 6 |  7- 9 | 10-12 || total
-------------------------+-------+-------+-------+-------++-------
Melee: Broad axe         |    15 |    26 |    48 |       ||    89
       War axe           |     9 |       |       |       ||     9
Invok: Wall of Briars    |       |       |     1 |       ||     1
       Grow Ballistomyce |       |       |     2 |       ||     2
       Overgrow          |       |       |     1 |       ||     1
       Grow Oklob        |       |       |     1 |       ||     1
Evoke: Wand              |       |       |     2 |     5 ||     7
  Use: Potion            |     2 |     1 |     7 |       ||    10
 Stab: Distracted        |       |       |     1 |       ||     1
Armor: Scale mail        |    12 |     4 |     1 |       ||    17
Dodge: Dodged            |    11 |    10 |    11 |       ||    32
Block: Kite shield       |    13 |    13 |    18 |       ||    44

Table legend: (Time is in decaauts)
 A = Elapsed time spent in this place.
 B = Non-inter-level travel time spent in this place.
 C = Inter-level travel time spent in this place.
 D = Time resting spent in this place.
 E = Time spent auto-exploring this place.
 F = Levels seen in this place.
 G = Mean time per level.
                   A        B        C        D        E       F      G
               +--------+--------+--------+--------+--------+-----+--------+
         Total |    677 |    669 |      8 |     93 |    151 |   1 |  677.0 |
       Dungeon |    677 |    669 |      8 |     93 |    151 |   1 |  677.0 |
               +--------+--------+--------+--------+--------+-----+--------+

Top non-repeatable levels by time:
       D: 677 daAuts
